 Dungeon Crawl Stone Soup version 0.21-a0-444-g29a2fec (webtiles) character file.

6721 theanonym the Carver (level 10, -4/93 HPs)
             Began as a Minotaur Monk on Nov 17, 2017.
             Was a Believer of Wu Jian.
             Slain by a reaper
             ... wielding a +0 scythe of protection
              (26 damage)
             ... on level 2 of the Abyss.
             The game lasted 00:23:30 (9241 turns).

theanonym the Carver (Minotaur Monk)                Turns: 9241, Time: 00:23:31

Health: -4/93      AC: 17    Str: 18    XL:     10   Next: 74%
Magic:  9/9        EV:  9    Int:  7    God:    Wu Jian [**....]
Gold:   492        SH:  0    Dex: 14    Spells: 9/9 levels left

rFire    . . .     SeeInvis .   s - +3 long sword
rCold    . . .     Gourm    .   (no shield)
rNeg     . . .     Faith    .   A - +0 plate armour
rPois    .         Spirit   .   (helmet restricted)
rElec    .         Reflect  .   (no cloak)
rCorr    .         Harm     .   (no gloves)
MR       .....                  (no boots)
Stlth    ..........             (no amulet)
HPRegen  0.25/turn              j - +4 ring of protection
MPRegen  0.11/turn              (no ring)

@: no status effects
A: retaliatory headbutt, horns 2
a: Renounce Religion


Innate Abilities, Weirdness & Mutations

You reflexively headbutt those who attack you in melee.
You have a pair of horns on your head.


   Skills:
 + Level 10.0 Fighting
 - Level 14.0 Long Blades
 + Level 6.9 Armour
 + Level 7.3 Dodging
 - Level 1.5 Stealth


You had 9 spell levels left.
You didn't know any spells.

Skill      XL: |  1  2  3  4  5  6  7  8  9 10 |
---------------+-------------------------------+-----
Long Blades    | 4 5 6 8 9 11 13 14 | 14.0
Fighting       | 6 8 10 | 10.0
Armour         | 4 6 |  6.9
Dodging        | 5 7 |  7.3
Stealth        | |  1.5

Action                   |  1- 3 |  4- 6 |  7- 9 | 10-12 || total
-------------------------+-------+-------+-------+-------++-------
Melee: Falchion          |    73 |   175 |   341 |    78 ||   667
       Headbutt          |    14 |    35 |    93 |    36 ||   178
       Long sword        |       |       |       |   104 ||   104
Evoke: Wand              |       |       |    23 |    16 ||    39
  Use: Potion            |       |       |     8 |     2 ||    10
       Scroll            |       |       |    15 |     9 ||    24
 Stab: Paralysed         |       |       |    26 |     4 ||    30
  Eat: Chunk             |     1 |     7 |     8 |     2 ||    18
       Bread ration      |       |       |     1 |       ||     1
       Meat ration       |       |       |       |     2 ||     2
Armor: Robe              |     1 |       |       |       ||     1
       Ring mail         |    27 |    32 |       |       ||    59
       Chain mail        |       |    27 |    26 |       ||    53
       Plate armour      |       |       |   163 |   138 ||   301
Dodge: Dodged            |    49 |    78 |   118 |    86 ||   331
       Rpst.: Falchion   |    12 |    24 |    18 |     6 ||    60
       Long sword        |       |       |       |    18 ||    18

Inventory:

Hand Weapons
 a - a +0 falchion
 s - a +3 long sword (weapon)
   (You took it off a wight on level 7 of the Dungeon)
Armour
 A - a +0 plate armour (worn)
   (You found it on level 5 of the Dungeon)
Jewellery
 j - a +4 ring of protection (left hand)
   (You found it on level 4 of the Dungeon)
 v - an uncursed ring of fire {rF+, rC-}
   (You found it on level 8 of the Dungeon)
Wands
 d - a wand of digging (12/24)
   (You found it on level 7 of the Dungeon)
 o - a wand of lightning (6/15)
   (You found it on level 3 of the Dungeon)
 y - a wand of paralysis (22/24)
   (You took it off Ijyb on level 5 of the Dungeon)
Scrolls
 b - a scroll of immolation
 f - a scroll of fog {!r}
 h - 2 scrolls of enchant armour
 k - 2 scrolls of recharging
 p - 3 scrolls of enchant weapon
 x - 2 scrolls of remove curse
Potions
 m - a potion of brilliance
Comestibles
 c - 6 bread rations
 u - 3 royal jellies
 w - 8 fruits

Dungeon Overview and Level Annotations

Branches:
Dungeon (9/15)             Temple (1/1) D:7            Lair (0/6) D:9
    Orc: D:9-12

Altars:
Ashenzari
Cheibriados
Dithmenos
Elyvilon
Fedhas
Gozag
Hepliaklqana
Kikubaaqudgha
Nemelex Xobeh
Okawaru
Qazlal
Sif Muna
Trog
Uskayaw
Vehumet
Wu Jian
Xom
Yredelemnul
Zin
The Shining One

Annotations:
D:7 exclusion: statue


You were on level 2 of the Abyss.
You worshipped Wu Jian.
Wu Jian was pleased with you.
You were hungry.

You visited 2 branches of the dungeon, and saw 10 of its levels.
You visited the Abyss 1 time.

You collected 492 gold pieces.


Message History

The reaper shouts, "Die, theanonym!"
A raiju comes into view.
You have no room to wall jump; the reaper is in the way.
The rock shatters into small pieces.
The raiju barks!
This wand has 14 charges left.
The hellwing hits you.
The hellwing hits you but does no damage.
You take 2 damage, and have 91/93 hp.
Unknown command.
You have no room to wall jump.
You are feeling hungry.
Health restored: 93 You spin and attack the blink frog repeatedly.
You miss the blink frog.
Your plate armour prevents you from hitting the blink frog.
A small abomination comes into view.
The reaper barely misses you.
You spin and attack the small abomination repeatedly.
You slash the small abomination!
You hit the small abomination but do no damage.
The small abomination hits you but does no damage.
The small abomination hits you.
You take 6 damage, and have 87/93 hp.
All of the chunks of flesh in your inventory have rotted away.
An ufetubus comes into view.
The ufetubus shouts!
The blink frog blinks!
The hellwing swoops through the air toward you!
The hellwing barely misses you.
The hellwing hits you but does no damage.
You spin and attack the hellwing repeatedly.
You slash the hellwing! You hit the hellwing.
You spin and attack the small abomination.
You slash the small abomination!
You destroy the small abomination!
The Council accepts your kill.
The hellwing hits you but does no damage. x2
The rock shatters into small pieces.
This wand has 13 charges left.
The hellwing hits you.
The hellwing hits you but does no damage.
The reaper hits you from afar with a scythe of protection!!!
You take 41 damage, and have 47/93 hp.
MASSIVE DAMAGE!!
A spiny frog comes into view.
The hellwing swoops through the air toward you!
The hellwing hits you but does no damage. x2
You hit the hellwing but do no damage.
The hellwing hits you but does no damage. x2
The reaper shouts, "Death awaits you!" The reaper hits you but does no damage.
Really read
l - a scroll of fear {!r}?
As you read the scroll of fear {!r}, it crumbles to dust.
You assume a fearsome visage.
The ufetubus is unaffected.
The reaper is unaffected.
The hellwing is unaffected.
The hellwing hits you!
* * * LOW HITPOINT WARNING * * *
The hellwing hits you but does no damage.
You take 7 damage, and have 41/93 hp.
The reaper beckons to you.
The reaper hits you from afar with a scythe of protection!!
* * * LOW HITPOINT WARNING * * *
You take 24 damage, and have 17/93 hp.
MASSIVE DAMAGE!!
The reaper hits you from afar with a scythe of protection!
* * * LOW HITPOINT WARNING * * *
You take 7 damage, and have 10/93 hp.
You feel much better.
The hellwing hits you but does no damage. x2
You regained 30 hp, and now have 40/93 hp.
The spiny frog changes into a jumping spider!
Okay, then.
The jumping spider leaps!
The rock shatters into small pieces.
This wand has 12 charges left.
The jumping spider pounces on you but does no damage.
The jumping spider closely misses you.
The elephant falls off the wall.
The jumping spider changes into an elephant!
A small abomination comes into view.
Found a scroll labeled MAHATT GEMOHOA.
The reaper hits you from afar with a scythe of protection!
* * * LOW HITPOINT WARNING * * *
You take 14 damage, and have 33/93 hp.
The elephant changes into a faun!
A neqoxec comes into view.
The neqoxec shouts!
The faun changes into a moth of wrath!
The neqoxec gestures.
A large abomination comes into view.
The reaper hits you from afar with a scythe of protection!!
* * * LOW HITPOINT WARNING * * *
You take 19 damage, and have 15/93 hp.
MASSIVE DAMAGE!!
The quasit barely misses you. You furiously retaliate!
You headbutt the quasit, but do no damage.
You riposte.
You miss the quasit. Your headbutt misses the quasit.
The quasit claws you but does no damage.
The quasit closely misses you.
You feel better.
The large abomination hits you but does no damage.
The quasit bites you but does no damage.
The quasit barely misses you. x2
The neqoxec gestures.
The reaper hits you from afar with a scythe of protection!!
You die...

#. #'#
#.#####'###
.###...5.5...#
#............#
........3....#
.............#
......55.....#
......X@...?.#
.
.........2...#
#.#
#....#####y###
### # .... #
..4# #.##.#
... ##....##
.. ..# . ##
#.#y#..##x. #.
#.# # ..#
.#.### # #.4.
###.##.##.#
#.. # .
.x...4... .##


You could see a reaper, a moth of wrath shaped shifter, a large abomination, a
neqoxec, an iron imp, a quasit, a shadow imp and an ufetubus.

Notes
Turn   | Place    | Note
-------+----------+-------------------------------------------
     0 | D:1      | theanonym the Minotaur Monk began the quest for the Orb.
     0 | D:1      | Reached XP level 1. HP: 19/19 MP: 0/0
    36 | D:1      | Reached skill level 4 in Long Blades
    41 | D:1      | Reached XP level 2. HP: 17/26 MP: 1/1
   462 | D:1      | Reached skill level 5 in Long Blades
   470 | D:1      | Reached XP level 3. HP: 26/31 MP: 2/2
  1260 | D:2      | Reached XP level 4. HP: 39/39 MP: 3/3
  1265 | D:2      | Reached skill level 6 in Long Blades
  1436 | D:2      | Found a bloodstained altar of Trog.
  1772 | D:3      | Reached XP level 5. HP: 44/45 MP: 4/4
  1779 | D:3      | Reached skill level 7 in Long Blades
  2734 | D:4      | Reached skill level 8 in Long Blades
  2747 | D:4      | Reached XP level 6. HP: 42/51 MP: 5/5
  2977 | D:4      | Reached skill level 9 in Long Blades
  3412 | D:5      | Entered Level 5 of the Dungeon
  3425 | D:5      | Found a stormy altar of Qazlal.
  3425 | D:5      | Noticed an air elemental
  3426 | D:5      | Noticed a fire elemental
  3426 | D:5      | Noticed a water elemental
  3514 | D:5      | HP: 21/51 [orc priest/divine providence (10)]
  3518 | D:5      | Reached XP level 7. HP: 24/57 MP: 6/6
  3712 | D:5      | Noticed Pikel
  3722 | D:5      | Reached skill level 10 in Long Blades
  3754 | D:5      | HP: 28/57 [Pikel/whip of freezing (5)]
  3758 | D:5      | Killed Pikel
  3758 | D:5      | Reached skill level 11 in Long Blades
  3758 | D:5      | Reached XP level 8. HP: 31/64 MP: 7/7
  4146 | D:5      | Noticed Ijyb
  4156 | D:5      | Killed Ijyb
  4156 | D:5      | Reached skill level 4 in Fighting
  4266 | D:5      | Found a snail-covered altar of Cheibriados.
  4402 | D:6      | Found an opulent altar of Gozag.
  4439 | D:6      | Reached skill level 12 in Long Blades
  4457 | D:6      | Noticed p0werm0de's ghost (amateur DsFE)
  4481 | D:6      | Killed p0werm0de's ghost
  4481 | D:6      | Reached skill level 5 in Fighting
  4483 | D:6      | HP: 33/68 [poisoned by p0werm0de's ghost]
  4488 | D:6      | HP: 19/68 [poisoned by p0werm0de's ghost]
  4493 | D:6      | HP: 10/68 [poisoned by p0werm0de's ghost]
  4498 | D:6      | HP: 3/68 [poisoned by p0werm0de's ghost]
  4503 | D:6      | HP: 19/68 [poisoned by p0werm0de's ghost]
  4508 | D:6      | HP: 16/68 [poisoned by p0werm0de's ghost]
  4514 | D:6      | HP: 14/68 [poisoned by p0werm0de's ghost]
  4520 | D:6      | HP: 14/68 [poisoned by p0werm0de's ghost]
  4528 | D:6      | HP: 13/68 [poisoned by p0werm0de's ghost]
  4916 | D:6      | HP: 28/68 [ogre/giant spiked club (17)]
  5325 | D:6      | Reached skill level 13 in Long Blades
  5389 | D:6      | Reached skill level 6 in Fighting
  5389 | D:6      | Reached XP level 9. HP: 70/75 MP: 8/8
  5772 | D:7      | Found a radiant altar of Vehumet.
  5809 | D:7      | Found a staircase to the Ecumenical Temple.
  5921 | D:8      | Noticed Joseph
  5940 | D:8      | Killed Joseph
  5945 | D:8      | HP: 38/78 [crocodile (3)]
  5948 | D:8      | Reached skill level 7 in Fighting
  5952 | D:8      | HP: 34/79 [crocodile (5)]
  5957 | D:8      | HP: 17/79 [crocodile (3)]
  5958 | D:8      | Reached skill level 14 in Long Blades
  6213 | D:8      | Noticed a two-headed ogre
  6243 | D:8      | HP: 37/79 [orc priest/divine providence (12)]
  6251 | D:8      | Noticed a two-headed ogre
  6256 | D:8      | HP: 33/79 [wyvern (4)]
  6262 | D:8      | HP: 24/79 [wyvern (7)]
  6266 | D:8      | HP: 1/79 [wyvern (13)]
  6275 | D:8      | HP: 19/79 [iguana (2)]
  6278 | D:8      | Reached skill level 1 in Armour
  6282 | D:8      | HP: 16/79 [bullfrog skeleton (4)]
  6408 | D:8      | Killed a two-headed ogre
  6408 | D:8      | Reached skill level 8 in Fighting
  6408 | D:8      | Reached skill level 3 in Armour
  6408 | D:8      | Reached skill level 4 in Dodging
  6744 | D:7      | Found a basalt altar of Yredelemnul.
  6763 | D:7      | Reached skill level 5 in Dodging
  6811 | D:7      | Reached skill level 4 in Armour
  6823 | D:7      | Reached XP level 10. HP: 51/90 MP: 9/9
  7462 | D:8      | HP: 40/90 [wight/halberd of freezing (7)]
  7805 | D:8      | Killed a two-headed ogre
  7805 | D:8      | Reached skill level 9 in Fighting
  7805 | D:8      | Reached skill level 5 in Armour
  7805 | D:8      | Reached skill level 6 in Dodging
  7910 | Temple   | Entered the Ecumenical Temple
  7983 | Temple   | Became a worshipper of the Wu Jian Council
  7983 | Temple   | Reached * piety under Wu Jian
  7983 | Temple   | Reached ** piety under Wu Jian
  8608 | D:9      | Reached skill level 6 in Armour
  8630 | D:9      | Reached skill level 7 in Dodging
  8653 | D:9      | Found a staircase to the Lair.
  8657 | D:9      | Reached skill level 10 in Fighting
  8661 | D:9      | Noticed a two-headed ogre
  8667 | D:9      | HP: 44/93 [orc priest/falchion of distortion (6)]
  8678 | D:9      | HP: 30/93 [orc priest/divine providence (9)]
  9036 | D:9      | Cast into level 2 of the Abyss (orc priest)
  9077 | Abyss:2  | Noticed a tentacled starspawn
  9173 | Abyss:2  | Noticed a reaper
  9200 | Abyss:2  | Noticed a spiny frog
  9203 | Abyss:2  | HP: 41/93 [hellwing (8)]
  9204 | Abyss:2  | HP: 17/93 [reaper/scythe of protection (24)]
  9211 | Abyss:2  | a spiny frog changed into a jumping spider
  9219 | Abyss:2  | Noticed an elephant
  9219 | Abyss:2  | a jumping spider changed into an elephant
  9234 | Abyss:2  | HP: 33/93 [reaper/scythe of protection (14)]
  9235 | Abyss:2  | Noticed a faun
  9235 | Abyss:2  | an elephant changed into a faun
  9237 | Abyss:2  | Noticed a moth of wrath
  9237 | Abyss:2  | a faun changed into a moth of wrath
  9238 | Abyss:2  | Noticed a large abomination
  9239 | Abyss:2  | HP: 15/93 [reaper/scythe of protection (20)]
  9241 | Abyss:2  | Slain by a reaper

Vanquished Creatures
  2 two-headed ogres (D:8)
  Pikel (D:5)
  Joseph (D:8)
  A troll (D:9)
  The ghost of p0werm0de the Skirmisher, an amateur DsFE of Cheibriados (D:6)
  A hungry ghost (D:7)
  A wyvern (D:8)
  A water moccasin (D:9)
  4 porcupines (D:9)
  An orc warrior (D:7)
  An ice beast (D:9)
  6 ogres
  A small abomination (Abyss:2)
  2 centaurs
  A crocodile (D:8)
  8 bullfrogs
  A scorpion (D:6)
  A killer bee (D:9)
  5 wights
  A jelly (D:6)
  2 crimson imps
  A bullfrog zombie (D:6)
  A centaur zombie (D:8)
  2 bullfrog skeletons (D:8)
  10 hounds
  14 orc wizards
  6 orc priests
  An iguana (D:8)
  Ijyb (D:5)
  8 worker ants
  2 hound skeletons
  A howler monkey zombie (D:6)
  A worker ant zombie (D:5)
  A howler monkey skeleton (D:6)
  6 adders
  A white imp (Abyss:2)
  3 oozes
  An adder skeleton (D:6)
  An adder zombie (D:7)
  4 worms
  6 dart slugs
  7 leopard geckos
  39 orcs
  3 giant cockroaches
  4 hobgoblins
  12 jackals
  4 quokkas
  2 ball pythons
  5 bats
  8 frilled lizards
  6 goblins
  16 kobolds
  A quokka skeleton (D:4)
  4 rats
225 creatures vanquished.

Vanquished Creatures (others)
  A slave (D:8)
  40 fungi (D:9)
  16 plants (D:9)
  10 starspawn tentacles (Abyss:2)
67 creatures vanquished.

Grand Total: 292 creatures vanquished
